 Dungeon Crawl Stone Soup version 0.26.1-11-gd32895ea62 (webtiles) character file.

Game seed: 12076712479344026845

101 sankara the Bolt Thrower (level 5, -2/31 HPs)
             Began as a Kobold Hunter on June 21, 2021.
             Slain by Natasha (6 damage)
             ... on level 3 of the Dungeon.
             The game lasted 00:04:56 (2632 turns).

sankara the Bolt Thrower (Kobold Hunter)            Turns: 2632, Time: 00:04:57

Health: -2/31      AC:  3    Str:  9    XL:     5   Next: 4%
Magic:  5/5        EV: 15    Int: 13    God:
Gold:   172        SH:  0    Dex: 16    Spells: 4/4 levels left

rFire    . . .     SeeInvis .   b - +0 short sword
rCold    . . .     Faith    .   (shield restricted)
rNeg     . . .     Spirit   .   c - +0 leather armour
rPois    .         Reflect  .   (no helmet)
rElec    .         Harm     .   (no cloak)
rCorr    .         Rampage  .   (no gloves)
Will     .....                  (no boots)
Stlth    +++.......             (no amulet)
HPRegen  0.10/turn              (no ring)
MPRegen  0.09/turn              (no ring)

@: no status effects
A: small, nightstalker 3
a: no special abilities


You were on level 3 of the Dungeon.
You visited 1 branch of the dungeon, and saw 3 of its levels.

You collected 172 gold pieces.

Inventory:

Hand Weapons
 a - a +1 hand crossbow
 b - a +0 short sword (weapon)
 e - a +0 dagger
 k - a cursed +0 hunting sling
Missiles
 d - 19 bolts
 r - 4 boomerangs (quivered)
 s - 4 stones
Armour
 c - a +0 leather armour (worn)
Jewellery
 q - a cursed ring of teleportation {unknown}
Scrolls
 f - a scroll of immolation {unknown}
 i - a scroll of amnesia {unknown}
 m - a scroll of teleportation {unknown}
 n - 3 scrolls of identify {unknown}
 t - a scroll of remove curse {unknown}
Potions
 g - 3 potions of flight {unknown}
 h - a potion of heal wounds {unknown}
 j - a potion of mutation {unknown}
 l - a potion of might {unknown}
 o - 2 potions of curing {unknown}
 p - 2 potions of degeneration {unknown}


   Skills:
 + Level 2.4 Fighting
 + Level 2.1 Short Blades
 * Level 5.8 Crossbows
 + Level 0.8 Armour
 + Level 2.7 Dodging
 + Level 3.0 Stealth


You had 4 spell levels left.
You didn't know any spells.
Your spell library was empty.

Dungeon Overview and Level Annotations

Branches:
Dungeon (3/15)

Altars:

Annotations:
D:3 Natasha


Innate Abilities, Weirdness & Mutations

You are small and have problems with some larger weapons.
You are completely attuned to the shadows.


Message History

Natasha is severely wounded.
The iron imp hits you but does no damage.
Natasha barely misses you.
You closely miss Natasha.
Natasha is severely wounded.
Natasha howls an incantation.
You feel disoriented. Natasha barely misses you.
The iron imp grinds its teeth.
The iron imp closely misses you.
You hit Natasha but do no damage.
Natasha is severely wounded.
Natasha claws you.
* * * LOW HITPOINT WARNING * * *
The iron imp hits you.
* * * LOW HITPOINT WARNING * * *
You closely miss Natasha.
Natasha is severely wounded.
Natasha claws you.
You die...

.....#####
....
.........
....
####.....
....
#.....
.... ..
#>....
###. ...
#..... #.
...##.....
#.
..........
....
....@.....
....
....h5.###
....
.........
....
.......).
.........


You could see an iron imp (summoned) and Natasha.

Vanquished Creatures
  An iguana (D:2)
  3 adders
  A worm (D:2)
  3 dart slugs
  A leopard gecko (D:2)
  An orc (D:3)
  7 bats
  4 giant cockroaches
  6 hobgoblins
  2 frilled lizards (D:2)
  4 goblins
  4 kobolds
  2 rats (D:2)
39 creatures vanquished.

Notes
Turn   | Place    | Note
-------+----------+-------------------------------------------
     0 | D:1      | sankara the Kobold Hunter began the quest for the Orb.
     0 | D:1      | Reached XP level 1. HP: 12/12 MP: 1/1
   144 | D:1      | Reached skill level 5 in Crossbows
   344 | D:1      | Reached XP level 2. HP: 17/17 MP: 2/2
   622 | D:1      | Reached skill level 1 in Short Blades
   827 | D:1      | Reached XP level 3. HP: 21/21 MP: 3/3
  1555 | D:2      | Reached XP level 4. HP: 26/26 MP: 4/4
  2027 | D:2      | Noticed a water moccasin
  2554 | D:3      | Reached XP level 5. HP: 31/31 MP: 5/5
  2618 | D:3      | Noticed Natasha
  2632 | D:3      | Slain by Natasha

Illustrated notes

Levels and vault maps discovered:
D:1:      scummos_arrival_hexagon, layout_loops_corners
D:2:      layout_basic
D:3:      layout_basic, kennysheep_okawaru_gauntlet, uniq_natasha

Skill      XL: |  1  2  3  4  5 |
---------------+----------------+-----
Crossbows      | 5 |  5.8
Short Blades   | 1 2 |  2.1
Stealth        | 2 3 |  3.0
Fighting       | |  2.4
Armour         | |  0.8
Dodging        | |  2.7

Action                   |  1- 3 |  4- 6 || total
-------------------------+-------+-------++-------
Melee: Short sword       |    83 |    47 ||   130
 Fire: Hand crossbow     |    10 |     8 ||    18
 Stab: Sleeping          |    10 |     6 ||    16
Armor: Leather armour    |    18 |    19 ||    37
Dodge: Dodged            |    64 |    50 ||   114
